Map: Rhoskallian LE

Players

ECCHECCAZZ - Winner!

  • Race: Zerg Zerg
  • Spawn Location: 6:00

SinisteR - Winner!

  • Race: Terran Terran
  • Spawn Location: 5:00

Ekelpack

  • Race: Zerg Zerg
  • Spawn Location: 12:00

Nyck

  • Race: Terran Terran
  • Spawn Location: 11:00

VOD

Have the link to the VOD?

Description

Time

  • Played on: Feb. 11, 2025, 3:27 p.m.
  • Length: 18:33
Show
View Real Time Build Order
Export as new Build Order

ECCHECCAZZ Zerg - Winner!

Build Orders: Pool First, Roach Hydra 

Get SALT Encoding   

  12  0:03  Drone  
  13  0:13  Overlord  
  13  0:18  Drone  
  14  0:31  Drone x2  
  16  0:37  Drone  
  17  0:48  Spawning Pool  
  16  0:51  Extractor  
  16  0:52  Drone  
  16  0:59  Drone  
  17  1:11  Drone  
  18  1:19  Drone  
  19  1:30  Hatchery  
  18  1:35  Zergling x2  
  19  1:42  Queen  
  19  1:45  Zergling x2  
  22  1:53  Metabolic Boost  
  22  1:58  Overlord  
  22  2:17  Queen  
  22  2:21  Zergling x4  
  26  2:35  Zergling x4  
  26  3:06  Zergling x8  
  26  3:11  Drone x3  
  33  3:14  Lair  
  33  3:32  Drone  
  33  3:41  Roach Warren  
  33  3:45  Baneling Nest  
  31  3:49  Spine Crawler  
  31  3:50  Drone x2  
  31  3:53  Zergling x6  
  31  3:54  Zergling x2  
  36  4:03  Overlord  
  36  4:10  Extractor  
  36  4:14  Hydralisk Den  
  36  4:15  Overlord  
  36  4:16  Drone  
  31  4:42  Zergling x2  
  31  4:43  Zergling x2, Roach x4  
  39  5:01  Roach x4  
  42  5:09  Drone x2  
  44  5:17  Baneling x3  
  44  5:18  Drone  
  45  5:22  Drone  
  45  5:26  Drone  
  47  5:29  Drone  
  48  5:38  Roach  
  48  5:42  Zergling x4  
  52  5:46  Overlord  
  52  5:56  Overlord, Evolution Chamber  
  51  5:58  Drone  
  52  6:08  Baneling x2  
  52  6:10  Roach x2  
  56  6:16  Overlord  
  56  6:20  Drone x2  
  58  6:26  Hydralisk  
  58  6:29  Drone  
  61  6:34  Glial Reconstitution  
  61  6:36  Drone  
  62  6:56  Spore Crawler  
  62  6:57  Spore Crawler, Hydralisk  
  62  6:58  Hydralisk  
  64  7:02  Spore Crawler  
  64  7:06  Spore Crawler  
  64  7:07  Spore Crawler  
  61  7:12  Spore Crawler  
  61  7:13  Hydralisk  
  62  7:20  Hydralisk  
  64  7:35  Hydralisk x2  
  68  7:54  Overlord  
  68  7:55  Overlord  
  68  8:03  Grooved Spines  
  68  8:08  Zerg Missile Weapons Level 1  
  68  8:12  Overlord  
  68  8:13  Extractor  
  68  8:14  Pneumatized Carapace  
  68  8:17  Drone x3  
  70  8:22  Hydralisk  
  72  8:30  Hydralisk  
  74  8:50  Hydralisk x3  
  74  8:53  Muscular Augments  
  80  9:04  Drone x2  
  80  9:05  Drone x2  
  80  9:09  Extractor  
  83  9:13  Overlord  
  83  9:28  Evolution Chamber, Hydralisk  
  83  9:29  Overlord  
  84  9:34  Drone  
  84  9:36  Drone x2  
  87  9:41  Drone  
  87  9:42  Drone  
  89  10:04  Hydralisk  
  91  10:08  Overlord x2  
  91  10:14  Zerg Ground Armor Level 1  
  91  10:38  Hatchery  
  87  10:54  Hydralisk x4  
  87  10:55  Roach  
  87  10:56  Zergling x2, Roach  
  100  11:06  Baneling x2  
  100  11:08  Zergling x6  
  100  11:09  Zergling x2  
  93  11:42  Queen  
  93  11:46  Spore Crawler  
  94  11:48  Drone x2  
  94  11:49  Drone x3  
  94  11:50  Spore Crawler  
  98  11:56  Spore Crawler  
  97  12:04  Spore Crawler  
  96  12:08  Drone  
  97  12:21  Hydralisk x2  
  99  12:39  Drone x2  
  99  12:40  Drone x3  
  104  12:51  Drone x3  
  107  13:01  Spore Crawler  
  107  13:02  Drone  
  107  13:03  Drone  
  108  13:11  Drone  
  109  13:17  Drone  
  110  13:20  Drone  
  110  13:22  Drone  
  112  13:29  Overlord x2  
  112  13:31  Zerg Missile Weapons Level 2  
  112  13:34  Overlord  
  111  13:47  Hydralisk x3  
  117  13:51  Drone  
  117  13:52  Drone x2  
  120  13:56  Spore Crawler  
  120  14:01  Zerg Ground Armor Level 2  
  119  14:03  Hydralisk  
  121  14:10  Drone  
  64  14:41  Hydralisk  
  64  14:42  Hydralisk x4  
  64  14:43  Zergling x4  
  64  14:44  Roach x6  
  64  14:45  Roach  
  88  14:58  Roach  
  88  14:59  Zergling x6, Roach  
  95  15:00  Zergling x2  
  95  15:03  Baneling x3  
  95  15:04  Baneling  
  96  15:07  Roach  
  96  15:08  Roach  
  100  15:18  Extractor  
  96  15:37  Hatchery  
  74  15:44  Hydralisk x4  
  74  15:46  Zergling x4, Roach x3  
  62  15:55  Hydralisk x3  
  70  15:57  Zergling x4, Roach x3  
  70  15:58  Zergling x2  
  74  16:11  Baneling x2  
  74  16:14  Hydralisk x2  
  78  16:21  Hydralisk x2  
  82  16:53  Hydralisk x2  
  82  16:54  Zergling x2, Hydralisk  
  81  16:55  Zergling x2, Roach x2  
  82  17:10  Hydralisk x3  
  82  17:11  Zergling x4  
  82  17:12  Roach x2  
  90  17:20  Zergling x2  
  90  17:21  Zergling x2  
  86  17:26  Queen, Hydralisk x2  
  86  17:27  Hydralisk  
  94  17:39  Zergling x4, Hydralisk x2  
Show
View Real Time Build Order
Export as new Build Order

SinisteR Terran - Winner!

Build Orders: Reaper Expand 

Get SALT Encoding   

  12  0:00  SCV  
  13  0:12  SCV  
  14  0:18  Supply Depot  
  14  0:24  SCV  
  15  0:40  SCV  
  15  0:41  Barracks  
  16  0:45  Refinery  
  16  0:52  SCV  
  17  1:04  SCV  
  18  1:16  SCV  
  19  1:28  Reaper  
  19  1:29  Orbital Command  
  20  1:42  Command Center  
  20  1:47  Refinery  
  20  1:55  SCV  
  21  2:05  Factory  
  21  2:07  SCV  
  22  2:14  Supply Depot  
  22  2:17  Barracks Tech Lab  
  22  2:30  SCV  
  23  2:42  SCV  
  24  2:54  SCV  
  25  3:03  Starport  
  25  3:04  Orbital Command  
  25  3:06  SCV  
  25  3:12  Siege Tank  
  28  3:18  SCV  
  29  3:30  SCV x2  
  31  3:39  Refinery  
  31  3:40  Medivac  
  33  3:42  SCV  
  33  3:43  SCV  
  33  3:45  Hellion  
  37  3:53  Fusion Core  
  37  3:54  SCV  
  37  3:55  SCV  
  39  3:58  Supply Depot  
  39  4:06  SCV  
  39  4:07  SCV  
  41  4:10  Hellion  
  43  4:19  SCV  
  43  4:20  Starport Tech Lab, SCV  
  43  4:22  Refinery  
  45  4:31  SCV  
  46  4:32  SCV, Hellion  
  49  4:42  Supply Depot  
  49  4:43  SCV  
  49  4:45  SCV  
  51  4:46  Supply Depot  
  49  5:03  Battlecruiser  
  49  5:06  SCV  
  49  5:07  SCV  
  57  5:19  SCV x2  
  59  5:31  SCV x2  
  59  5:32  Starport, Command Center  
  59  5:33  Starport  
  61  5:41  Weapon Refit  
  61  5:43  SCV x2  
  61  5:44  Hellion  
  65  5:55  SCV x2  
  67  5:58  Refinery  
  67  6:07  SCV x2  
  69  6:11  Starport Tech Lab x2  
  69  6:19  SCV  
  69  6:25  Supply Depot x2  
  70  6:43  SCV x2, Battlecruiser x2  
  78  6:55  SCV x2  
  78  7:06  Battlecruiser  
  78  7:07  SCV x2  
  86  7:09  Engineering Bay  
  86  7:13  Supply Depot, Armory  
  86  7:19  SCV x2  
  86  7:32  SCV x2  
  87  7:44  SCV  
  88  7:47  Missile Turret  
  88  7:48  Battlecruiser  
  88  7:49  Missile Turret  
  90  7:53  Missile Turret x2  
  90  7:57  Command Center  
  90  8:02  SCV x2  
  92  8:08  Refinery  
  92  8:14  SCV x2  
  94  8:20  Command Center  
  94  8:22  Missile Turret  
  94  8:24  Missile Turret  
  94  8:25  Missile Turret  
  94  8:33  Supply Depot  
  94  8:34  Supply Depot  
  94  8:55  SCV x2, Battlecruiser  
  102  8:56  Battlecruiser  
  108  9:07  SCV  
  108  9:09  Battlecruiser  
  115  9:18  Armory  
  115  9:22  Planetary Fortress  
  115  9:26  Missile Turret  
  115  9:34  SCV x2  
  118  9:40  Armory  
  118  9:44  Supply Depot x2  
  117  9:46  SCV x2  
  119  9:58  SCV x2  
  119  9:59  Battlecruiser  
  127  10:00  Refinery  
  127  10:02  Battlecruiser  
  133  10:08  Planetary Fortress  
  133  10:16  Missile Turret  
  133  10:18  Missile Turret  
  133  10:19  Battlecruiser  
  139  10:26  SCV x2  
  141  10:29  Refinery  
  141  10:39  Missile Turret  
  135  10:48  SCV x4  
  139  10:53  Terran Vehicle And Ship Armor Level 1, Terran Ship Weapons Level 1  
  139  11:00  SCV x3  
  139  11:01  SCV  
  139  11:03  Battlecruiser  
  149  11:12  SCV x2, Missile Turret  
  149  11:13  SCV, Command Center  
  152  11:20  Supply Depot  
  152  11:22  Supply Depot  
  152  11:23  Supply Depot  
  152  11:42  Battlecruiser x2  
  164  11:50  Command Center  
  164  11:51  Supply Depot  
  164  12:08  Battlecruiser  
  152  12:30  SCV  
  152  12:31  SCV  
  154  12:41  Starport  
  154  12:43  Starport  
  154  12:46  Battlecruiser x2  
  166  13:00  SCV x2  
  166  13:01  SCV x2  
  166  13:05  Planetary Fortress  
  170  13:07  Planetary Fortress  
  170  13:10  Refinery  
  170  13:12  SCV, Battlecruiser  
  176  13:13  SCV x3, Terran Ship Weapons Level 2, Refinery  
  176  13:18  Refinery  
  180  13:25  SCV x4  
  180  13:27  Starport Tech Lab x2  
  184  13:35  Missile Turret  
  184  13:37  SCV x4  
  188  13:43  Missile Turret  
  188  13:45  Missile Turret x2  
  188  13:48  Battlecruiser x2  
  200  13:53  Supply Depot  
  200  13:54  Supply Depot  
  200  13:56  Refinery  
  200  13:57  Supply Depot  
  194  14:17  Battlecruiser  
  188  14:47  Battlecruiser x2  
  170  14:56  Battlecruiser x2  
  170  15:01  SCV  
  170  15:02  SCV  
  160  15:21  Battlecruiser  
  148  15:31  Terran Ship Weapons Level 3  
  148  15:33  Terran Vehicle And Ship Armor Level 2  
  148  15:51  Battlecruiser x2  
  160  16:00  Battlecruiser x2  
  165  16:26  Battlecruiser  
  156  16:55  Battlecruiser x2  
  162  17:04  Battlecruiser x2  
  162  17:06  Command Center  
  174  17:22  Command Center  
  174  17:33  SCV  
  174  17:34  SCV  
  182  17:41  Starport  
  182  17:49  SCV x2  
  184  18:03  Refinery  
Show
View Real Time Build Order
Export as new Build Order

Ekelpack Zerg 

Build Orders: Hatch First 

Get SALT Encoding   

  12  0:01  Drone  
  13  0:12  Overlord  
  13  0:18  Drone  
  14  0:31  Drone x2  
  16  0:35  Drone  
  17  0:46  Drone  
  18  0:56  Hatchery  
  17  0:59  Drone  
  17  1:01  Extractor  
  17  1:14  Spawning Pool  
  17  1:17  Drone  
  17  1:22  Drone  
  18  1:29  Drone  
  19  1:39  Drone  
  20  2:01  Queen, Metabolic Boost  
  22  2:08  Queen  
  22  2:09  Drone  
  22  2:14  Drone  
  26  2:16  Drone  
  26  2:21  Overlord  
  27  2:26  Zergling x2  
  28  2:39  Lair  
  28  2:40  Zergling x4  
  30  2:55  Zergling x4  
  32  3:04  Zergling x2  
  32  3:05  Zergling x6  
  36  3:08  Overlord  
  36  3:09  Extractor  
  35  3:15  Drone  
  36  3:20  Overlord  
  36  3:32  Drone x3  
  39  3:34  Extractor  
  38  3:52  Drone  
  38  3:54  Drone x3  
  42  3:58  Spire  
  42  4:01  Drone, Overlord  
  42  4:03  Drone x2  
  44  4:10  Drone  
  45  4:19  Drone  
  43  4:34  Zergling x6  
  43  4:35  Zergling x8  
  49  4:58  Zergling x10  
  53  5:19  Mutalisk x3  
  59  5:28  Overlord x2  
  59  5:29  Overlord x2  
  59  5:32  Extractor  
  58  5:38  Zerg Flyer Weapons Level 1, Mutalisk  
  60  5:54  Drone x3  
  60  5:57  Mutalisk x3  
  63  6:03  Mutalisk x4  
  77  6:10  Drone x3  
  80  6:21  Hatchery  
  78  6:30  Mutalisk x3  
  76  7:16  Drone x4  
  76  7:17  Drone x2  
  82  7:36  Overlord x2  
  82  7:37  Overlord, Mutalisk x4  
  82  7:38  Mutalisk x2  
  94  8:03  Drone  
  94  8:04  Drone x6  
  101  8:09  Drone x3  
  104  8:17  Overlord x3  
  104  8:28  Drone  
  104  8:29  Drone x4  
  109  8:34  Extractor x2  
  109  8:39  Queen  
  97  9:01  Drone x2  
  97  9:02  Drone x2  
  101  9:05  Queen  
  98  9:10  Drone  
  98  9:11  Drone x2  
  97  9:33  Corruptor  
  97  9:34  Corruptor x6  
  97  9:35  Corruptor  
  113  9:44  Zerg Flyer Weapons Level 2  
  113  10:26  Mutalisk x5  
  113  10:27  Mutalisk x3  
  109  10:54  Zergling x2  
  109  10:55  Zergling x8  
  109  10:56  Zergling x8  
  118  11:06  Corruptor x2  
  108  11:43  Mutalisk x4  
  108  11:44  Mutalisk x5  
  89  12:33  Mutalisk x2  
  89  12:34  Mutalisk x7  
  107  12:51  Drone x2  
  107  12:52  Drone  
  107  12:56  Drone x2  
  92  13:49  Mutalisk x6  
  92  13:50  Mutalisk x6  
  92  13:52  Zergling x2  
  117  13:58  Queen  
  110  14:20  Hatchery  
  109  14:28  Zergling x12  
  109  14:29  Zergling x4  
  98  14:56  Zergling x6  
  98  14:57  Zergling x4  
  98  14:58  Lair  
  103  15:03  Roach Warren  
  83  15:30  Hatchery  
  64  15:45  Zergling x10  
  64  15:46  Zergling x2  
  60  15:52  Drone  
  60  15:53  Drone x3  
  49  16:26  Zergling x4  
  41  16:44  Drone  
  32  16:50  Drone x3  
  35  16:55  Drone x3  
  38  17:08  Glial Reconstitution  
  38  17:12  Roach x4  
  46  17:17  Roach  
  46  17:18  Roach x2  
  52  17:26  Roach x4  
  60  17:44  Roach x5  
  64  17:45  Roach x2  
  74  17:52  Zergling x2, Roach x2  
Show
View Real Time Build Order
Export as new Build Order

Nyck Terran 

Build Orders: Reaper Expand 

Get SALT Encoding   

  12  0:00  SCV  
  13  0:12  SCV  
  14  0:18  Supply Depot  
  14  0:25  SCV  
  15  0:39  SCV  
  15  0:41  Barracks  
  16  0:47  Refinery  
  16  0:52  SCV  
  17  1:04  SCV  
  18  1:16  SCV  
  19  1:29  Orbital Command  
  19  1:32  Reaper  
  20  1:41  Refinery  
  20  1:51  Command Center  
  20  1:55  SCV  
  22  2:08  SCV  
  22  2:20  Factory  
  22  2:30  Marine  
  22  2:40  SCV  
  23  2:50  Marine  
  23  2:55  SCV  
  23  3:32  Supply Depot  
  23  3:41  Factory Reactor  
  23  3:46  SCV, Marine  
  25  3:49  Orbital Command  
  25  3:58  SCV  
  25  4:02  Supply Depot  
  26  4:04  Marine  
  26  4:07  Refinery  
  27  4:10  SCV  
  27  4:14  SCV  
  29  4:22  SCV  
  29  4:23  Hellion x2  
  34  4:26  SCV  
  35  4:33  Marine  
  36  4:39  Barracks  
  36  4:41  Factory  
  36  4:44  Hellion x2  
  40  4:50  Marine  
  37  5:03  SCV x2  
  34  5:12  Barracks Reactor  
  37  5:14  Hellion x2  
  37  5:15  SCV x2  
  37  5:27  SCV  
  37  5:28  SCV  
  39  5:32  Factory Tech Lab  
  39  5:36  Supply Depot  
  39  5:38  Barracks  
  39  5:40  Barracks Tech Lab  
  39  5:41  SCV x2  
  41  5:45  Widow Mine x2  
  45  5:53  SCV x2  
  45  5:56  Refinery  
  47  6:02  Engineering Bay  
  47  6:05  SCV x2, Armory  
  49  6:11  Engineering Bay  
  49  6:13  Combat Shield  
  49  6:17  SCV x2  
  45  6:29  SCV, Marine x2  
  45  6:33  Cyclone  
  43  6:45  Terran Infantry Weapons Level 1, Terran Infantry Armor Level 1  
  43  6:46  Missile Turret  
  43  6:50  SCV x2  
  44  7:02  SCV x2  
  44  7:05  Cyclone  
  49  7:12  Barracks Reactor  
  49  7:14  SCV x2  
  51  7:26  SCV x2  
  53  7:30  Command Center  
  53  7:38  SCV x2  
  53  7:41  Cyclone  
  58  7:47  Factory Tech Lab  
  58  7:50  SCV x2, Starport  
  60  7:55  Marine x2  
  62  7:58  Terran Vehicle And Ship Armor Level 1  
  62  8:03  SCV x2, Marine x2  
  62  8:04  Supply Depot  
  66  8:15  SCV  
  66  8:16  SCV  
  66  8:19  Marine  
  68  8:20  Marine  
  68  8:25  Marine  
  68  8:26  Thor  
  77  8:27  Supply Depot  
  77  8:41  Viking x2  
  81  8:59  SCV  
  81  9:00  Orbital Command  
  81  9:01  SCV  
  83  9:11  SCV  
  83  9:13  SCV  
  85  9:20  Marine x4  
  85  9:21  Marine  
  85  9:23  Supply Depot, SCV  
  91  9:24  Terran Infantry Weapons Level 2  
  91  9:25  SCV, Terran Infantry Armor Level 2  
  91  9:29  Viking x2  
  96  9:35  Thor  
  102  9:42  Cyclone  
  102  9:44  SCV x2  
  107  9:47  Supply Depot  
  107  9:52  Marine x2  
  107  9:53  Marine x2  
  107  9:57  Supply Depot  
  111  10:02  Missile Turret  
  111  10:05  Orbital Command  
  111  10:10  Supply Depot  
  111  10:15  SCV x2  
  111  10:20  Viking x2  
  117  10:25  Cyclone  
  117  10:27  SCV x2  
  122  10:32  SCV  
  123  10:39  Refinery  
  123  10:42  SCV x2, Refinery  
  125  10:43  Marine x4  
  125  10:47  Cyclone  
  132  10:56  SCV x3  
  135  10:57  Marine  
  135  11:00  Cyclone  
  135  11:02  Viking  
  141  11:06  Terran Vehicle And Ship Armor Level 2  
  141  11:43  Supply Depot  
  141  11:44  Command Center  
  141  11:54  Terran Infantry Weapons Level 3  
  141  11:55  Terran Infantry Armor Level 3  
  141  12:05  SCV, Cyclone, Viking x2  
  141  12:07  Supply Depot, SCV  
  149  12:24  Marine  
  149  12:25  SCV  
  149  12:26  SCV, Marine x4  
  149  12:28  Thor  
  143  12:55  Marine x2, Thor  
  143  12:56  SCV x2, Viking x2  
  157  12:58  Supply Depot  
  157  13:03  Marine x3  
  160  13:08  SCV x2  
  160  13:09  Planetary Fortress  
  162  13:19  Marine x2  
  163  13:20  SCV x2, Thor  
  163  13:21  Supply Depot  
  172  13:32  SCV  
  173  13:35  Refinery  
  173  13:43  SCV, Thor  
  173  13:44  Supply Depot, SCV  
  181  13:49  Refinery  
  181  14:06  SCV, Cyclone, Viking x2  
  181  14:08  Supply Depot  
  189  14:20  SCV x2  
  157  14:32  Supply Depot, SCV  
  136  14:59  Marine  
  133  15:00  Marine x4  
  135  15:11  SCV x2  
  137  15:15  Thor x2  
  137  15:17  Marine x5  
  137  15:18  Viking x2  
  158  15:23  SCV x2  
  160  15:35  Marine x5  
  158  15:48  Viking x2  
  162  15:52  Marine  
  162  15:53  Marine x4  
  167  15:57  Thor  
  173  16:11  Marine  
  166  16:18  Viking x2  
  144  16:48  Viking x2  
  97  17:03  Marine x5  
  75  17:18  Medivac x2  
  75  17:21  Marine x5  
  72  17:38  Marine  
  72  17:39  SCV, Marine x4  
  72  17:41  Orbital Command  
  78  17:51  SCV  
  79  17:56  Marine  
  79  17:57  Marine x4  
  84  17:59  Viking  
  84  18:14  Marine  
  84  18:15  Marine x4  
Tags
 
Add a new tag
Caveats
  • Supply blocks, unpowered buildings, or Contaminate may cause inaccurate times.
  • Supply counts are checked every 10 seconds.